 Dungeon Crawl Stone Soup version 0.30-a0-1160-g6e42c06551 (webtiles) character file.

Game seed: 14008052056897610801

959 avis the Insei (level 7, -5/57 HPs)
             Began as a Demigod Transmuter on Apr 26, 2023.
             Slain by Duvessa
             ... wielding a +3 vampiric short sword
              (8 damage)
             ... on level 5 of the Dungeon.
             The game lasted 00:38:45 (4814 turns).

avis the Insei (Demigod Transmuter)                 Turns: 4814, Time: 00:38:46

Health: -5/57      AC:  3    Str: 15    XL:     7   Next: 60%
Magic:  12/14      EV: 14    Int: 14    God:
Gold:   380        SH:  4    Dex: 27    Spells: 1/11 levels left

rFire   . . .        b - +1 sling (elec)
rCold   . . .        (no shield)
rNeg    . . .        a - +0 robe
rPois   .            (no helmet)
rElec   .            (no cloak)
rCorr   .            s - +0 pair of gloves
SInv    +            (no boots)
Will    +....        (no amulet)
Stlth   ++           d - ring of see invisible
HPRegen 0.29/turn    p - +6 ring of dexterity
MPRegen 0.14/turn

%: no passive effects
@: no status effects
A: high MP 1, forlorn, divine attributes, large bone plates 1, strong-willed 1,
strong 1
a: no special abilities


You were on level 5 of the Dungeon.
You visited 1 branch of the dungeon, and saw 5 of its levels.

You collected 380 gold pieces.

Inventory:

Hand Weapons
 b - a +1 sling of electrocution (weapon)
 g - a +2 dagger of pain
 z - a +1 scythe of venom
 B - a +2 whip of venom
Missiles
 o - 5 poisoned darts
 v - 2 silver javelins
Armour
 a - a +0 robe (worn)
 s - a +0 pair of gloves (worn)
 t - the +4 tower shield of Shadows and Fog {rC+++ Will- Regen+ Dex-5}
   (You found it on level 3 of the Dungeon)

   Dex:       It affects your dexterity (-5).
   rC:        It renders you almost immune to cold.
   Regen:     It increases your rate of health regeneration.
   Will:      It decreases your willpower.
Magical Staves
 h - a staff of fire
Jewellery
 d - a ring of see invisible (left hand)
 l - a ring of resist corrosion
 m - a ring of positive energy
 p - a +6 ring of dexterity (right hand)
 q - a ring of flight
 r - a ring of flight
 C - a ring of poison resistance
Wands
 y - a wand of flame (14)
Scrolls
 c - 6 scrolls of identify
 e - a scroll of vulnerability {unknown}
 f - 2 scrolls of teleportation
 j - a scroll of magic mapping {unknown}
 k - a scroll of immolation {unknown}
 n - a scroll of enchant armour {unknown}
 u - a scroll of torment {unknown}
 w - a scroll of amnesia {unknown}
 x - a scroll of enchant weapon {unknown}
Potions
 i - 3 potions of flight
 A - a potion of mutation


   Skills:
 - Level 3.0 Fighting
 - Level 2.0 Ranged Weapons
 - Level 3.0 Dodging
 - Level 6.0 Unarmed Combat
 * Level 2.6 Spellcasting
 - Level 4.0 Transmutations
 - Level 1.0 Poison Magic


You had one spell level left.
You knew the following spells:

 Your Spells              Type           Power      Damage    Failure   Level
a - Beastly Appendage     Tmut           26%        N/A       4%          1
e - Wereblood             Tmut           13%        N/A       7%          2
p - Spider Form           Tmut/Pois      8%         N/A       24%         3
q - Ice Form              Ice/Tmut       7%         N/A       69%         4

Your spell library contained the following spells:

 Spells                   Type           Power      Damage    Failure   Level
 Animate Dead             Necr           1%         N/A       92%         4
 Borgnjor's Vile Clutch   Necr/Erth      0%         N/A       99%         5
 Death Channel            Necr           0%         N/A       100%        6


Dungeon Overview and Level Annotations

Branches:
Dungeon (5/15)
 Temple: D:4-7

Shops:
D:1 :

Annotations:
D:4 2 transporters, pokeman's ghost, amateur DEHW
D:5 Duvessa


Innate Abilities, Weirdness & Mutations

You have an increased reservoir of magic. (+10% MP)
You shall have no god before yourself.
Your divine heritage dramatically boosts your attributes as you level up.
You are partially covered in large bone plates. (SH +4)
You are strong-willed. (Will+)
Your muscles are strong. (Str +4, Int/Dex -1)


Message History

Duvessa goes berserk!
You hit Duvessa.
Duvessa is lightly wounded.
Duvessa closely misses you.
Duvessa hits you with a +3 vampiric short sword!!
* * * LOW HITPOINT WARNING * * *
Duvessa draws strength from your wounds!
You feel much better.
Your transformation is almost over.
Duvessa hits you with a +3 vampiric short sword!!
Duvessa draws strength from your wounds!
You hit Duvessa.
Duvessa looks as sick as possible!
Duvessa is lightly wounded.
Duvessa misses you.
Duvessa hits you with a +3 vampiric short sword!
* * * LOW HITPOINT WARNING * * *
Duvessa draws strength from your wounds!
Okay, then.
As you read the scroll labelled MAW RIOKEFFICW, it crumbles to dust.
It is a scroll of identify.
f - 3 scrolls of teleportation Duvessa completely misses you.
As you read the scroll of teleportation, it crumbles to dust.
You feel strangely unstable. Duvessa misses you.
Duvessa hits you with a +3 vampiric short sword!
* * * LOW HITPOINT WARNING * * *
Duvessa draws strength from your wounds!
Duvessa attacks as you move away! Duvessa misses you.
Duvessa attacks as you move away! Duvessa misses you.
Duvessa completely misses you.
Your surroundings suddenly seem different.
Your transformation has ended.
Your +1 sling of electrocution unmelds from your body.
Your +0 pair of gloves unmelds from your body.
Your +0 robe unmelds from your body.
You hear the crackle of electricity.
Duvessa rages.
There is a stone staircase leading up here.
Duvessa hits you with a +3 vampiric short sword!
You die...

* #..P~..........#........#. ,
#...##...####....##..##.#. #...
#...########..##.......... #...
#...# ##..............# #...
#...######........#....###
...####.###......##########.##
##..........##.......## #..#
>....##...............## #..##
###..##.....#.@........#####...
#........⌠..#.e..........###.##
#.#.........#...<......#..##...
.##e..###................##......
........#.##.#...(.......#####...
#####.#...##...#......).#### ##.#
#..._.....#)<..........####.#
##._.................÷#......#
#.........#......(............


You could see Duvessa (berserk, very poisoned).

Vanquished Creatures
  Sigmund (D:5)
  A black bear (D:4)
  An ogre (D:5)
  3 scorpions
  Dowan (D:5)
  A hound (D:5)
  2 orc priests (D:4)
  An orc wizard (D:4)
  An iguana (D:5)
  8 gnolls
  4 adders
  2 shadow imps (D:5)
  2 white imps (D:5)
  3 ufetubi
  3 worms
  11 orcs (D:4)
  4 bats
  3 endoplasms
  6 goblins
  4 hobgoblins
  13 jackals
  A quokka (D:2)
  4 ball pythons
  6 frilled lizards
  7 kobolds
  9 rats
102 creatures vanquished.

Vanquished Creatures (others)
  4 demonic plants (D:5)
4 creatures vanquished.

Grand Total: 106 creatures vanquished

Notes
Turn   | Place    | Note
-------+----------+-------------------------------------------
     0 | D:1      | avis the Demigod Transmuter began the quest for the Orb.
     0 | D:1      | Reached XP level 1. HP: 15/15 MP: 5/5
    87 | D:1      | Reached skill level 1 in Fighting
   167 | D:1      | Found Roxogopoapp's Book Boutique.
   230 | D:1      | Reached XP level 2. HP: 20/24 MP: 5/7
   302 | D:1      | Reached skill level 3 in Unarmed Combat
   947 | D:2      | You fall into a shaft and drop 2 floors!
   953 | D:4      | Noticed a scorpion
   958 | D:4      | Killed a scorpion
   959 | D:4      | Reached XP level 3. HP: 29/29 MP: 8/8
   959 | D:4      | Reached XP level 4. HP: 36/36 MP: 9/9
  1130 | D:4      | Learned a level 2 spell: Wereblood
  1134 | D:4      | Learned a level 3 spell: Spider Form
  1145 | D:4      | Reached skill level 4 in Unarmed Combat
  2047 | D:2      | Reached XP level 5. HP: 12/41 MP: 6/10
  2363 | D:3      | Identified the +4 tower shield of Shadows and Fog {rC+++
                  | Will- Regen+ Dex-5}
  3286 | D:4      | Noticed a black bear
  3300 | D:4      | Killed a black bear
  3301 | D:4      | Reached skill level 5 in Unarmed Combat
  3349 | D:4      | Gained mutation: You are occasionally teleported next to
                  | monsters. [potion of mutation]
  3349 | D:4      | Gained mutation: You passively map a small area around you.
                  | [potion of mutation]
  3365 | D:4      | Reached XP level 6. HP: 29/50 MP: 8/11
  3571 | D:4      | Reached skill level 1 in Poison Magic
  3759 | D:4      | Noticed pokeman's ghost (amateur DEHW)
  3760 | D:4      | Found a transporter.
  3766 | D:4      | Reached skill level 1 in Ranged Weapons
  4143 | D:4      | Found a transporter.
  4217 | D:5      | Entered Level 5 of the Dungeon
  4239 | D:4      | Lost mutation: You passively map a small area around you.
                  | [potion of mutation]
  4239 | D:4      | Lost mutation: You are occasionally teleported next to
                  | monsters. [potion of mutation]
  4239 | D:4      | Gained mutation: You have a pair of small horns on your
                  | head. [potion of mutation]
  4239 | D:4      | Gained mutation: Armour fits poorly on your strangely
                  | shaped body. [potion of mutation]
  4239 | D:4      | Gained mutation: You expend magic power (3 MP) to
                  | strengthen your wands. [potion of mutation]
  4240 | D:4      | Lost mutation: You expend magic power (3 MP) to strengthen
                  | your wands. [potion of mutation]
  4240 | D:4      | Lost mutation: Armour fits poorly on your strangely shaped
                  | body. [potion of mutation]
  4240 | D:4      | Lost mutation: You have a pair of small horns on your head.
                  | [potion of mutation]
  4240 | D:4      | Gained mutation: Your muscles are strong. (Str +4, Int/Dex
                  | -1) [potion of mutation]
  4240 | D:4      | Gained mutation: You are strong-willed. (Will+) [potion of
                  | mutation]
  4240 | D:4      | Gained mutation: You are partially covered in large bone
                  | plates. (SH +4) [potion of mutation]
  4278 | D:5      | Noticed Sigmund
  4324 | D:5      | Killed Sigmund
  4325 | D:5      | Reached XP level 7. HP: 57/57 MP: 10/13
  4636 | D:5      | Reached skill level 6 in Unarmed Combat
  4684 | D:5      | Learned a level 4 spell: Ice Form
  4779 | D:5      | Noticed Duvessa
  4779 | D:5      | Noticed Dowan
  4801 | D:5      | Killed Dowan
  4806 | D:5      | HP: 1/57 [Duvessa/+3 vampiric short sword (8)]
  4814 | D:5      | Slain by Duvessa

Illustrated notes

Levels and vault maps discovered:
D:1:      heliophobic_arrival_glass_houses, layout_loops_ring, serial_shops,
          nicolae_shop_waterfront, chequers_jeans
D:2:      layout_loops_ring, basic_altar, kennysheep_boxes
D:3:      layout_loops_ring, corexii_item_surrounded_by_moat, st_stairs_1
D:4:      layout_loops_ring, gammafunk_ghost_arena
D:5:      layout_rooms, grunt_temple_overflow_open, serial_demonic,
          serial_demonic_a, serial_demonic_g, serial_demonic_a,
          serial_demonic_c, serial_demonic_d, serial_demonic_f, abandoned_shop,
          uniq_duvessa, uniq_eustachio, uniq_sigmund

Skill      XL: |  1  2  3  4  5  6  7 |
---------------+----------------------+-----
Fighting       | 2 3 |  3.0
Unarmed Combat | 3 4 5 6 |  6.0
Dodging        | 2 3 |  3.0
Spellcasting   | 2 |  2.6
Transmutations | 2 3 4 |  4.0
Poison Magic   | 1 |  1.0
Ranged Weapons | 2 |  2.0

Action                     |  1- 3 |  4- 6 |  7- 9 || total
---------------------------+-------+-------+-------++-------
  Melee: Unarmed           |    49 |   125 |    21 ||   195
         Kick              |     9 |    14 |       ||    23
         Headbutt          |     8 |    12 |       ||    20
         Punch             |     2 |     1 |       ||     3
   Fire: Sling             |       |    42 |    30 ||    72
   Cast: Beastly Appendage |    17 |    24 |       ||    41
         Spider Form       |       |    14 |     4 ||    18
Ability: End Transformatio |       |     3 |       ||     3
    Use: Potion            |     1 |     7 |     1 ||     9
         Scroll            |       |       |     2 ||     2
   Stab: Sleeping          |       |     1 |       ||     1
 Armour: Robe              |    12 |     8 |     1 ||    21
         Skin              |     1 |     2 |       ||     3
  Dodge: Dodged            |    24 |   106 |    21 ||   151
  Block: Other             |       |     4 |       ||     4

Table legend: (Time is in decaauts)
 A = Elapsed time spent in this place.
 B = Non-inter-level travel time spent in this place.
 C = Inter-level travel time spent in this place.
 D = Time resting spent in this place.
 E = Time spent auto-exploring this place.
 F = Levels seen in this place.
 G = Mean time per level.
                   A        B        C        D        E       F      G
               +--------+--------+--------+--------+--------+-----+--------+
         Total |   4848 |   4592 |    256 |   1159 |   2044 |   5 |  969.6 |
       Dungeon |   4848 |   4592 |    256 |   1159 |   2044 |   5 |  969.6 |
               +--------+--------+--------+--------+--------+-----+--------+

Top non-repeatable levels by time:
     D:4: 1596 daAuts
     D:3: 985 daAuts
     D:1: 939 daAuts
     D:2: 905 daAuts
     D:5: 422 daAuts
